 Dungeon Crawl Stone Soup version 0.21.1-1-g345015fe64 (webtiles) character file.

2527 Kisielow the Martial Artist (level 9, -9/69 HPs)
             Began as a Merfolk Transmuter on June 15, 2018.
             Was a Follower of Makhleb.
             Mangled by Mesmodan's ghost (10 damage)
             ... on level 7 of the Dungeon.
             The game lasted 00:15:31 (6422 turns).

Kisielow the Martial Artist (Merfolk Transmuter)    Turns: 6422, Time: 00:15:32

Health: -9/69      AC:  5    Str: 11    XL:     9   Next: 54%
Magic:  3/12       EV: 29    Int: 15    God:    Makhleb [*.....]
Gold:   257        SH:  0    Dex: 19    Spells: 4/12 levels left

rFire    . . .     SeeInvis +     - Unarmed
rCold    . . .     Gourm    .   (shield currently unavailable)
rNeg     . . .     Faith    .   (armour currently unavailable)
rPois    x         Spirit   .   (helmet currently unavailable)
rElec    .         Reflect  .   (cloak currently unavailable)
rCorr    .         Harm     .   (gloves currently unavailable)
MR       .....                  (boots currently unavailable)
Stlth    ++........             (no amulet)
HPRegen  0.21/turn              l - ring of see invisible
MPRegen  0.13/turn              m - +3 ring of protection

@: lethally poisoned (-9 -> -50), spider-form, hasted, very quick
A: tiny, (change form in water), (swift swim), (stealthy swim)
a: End Transformation, Renounce Religion


You were on level 7 of the Dungeon.
You worshipped Makhleb.
Makhleb was aware of your devotion.
You were very hungry.
You were a venomous arachnid creature.
You visited 1 branch of the dungeon, and saw 7 of its levels.
You also visited: Sewer.

You collected 257 gold pieces.

Inventory:

Missiles
 a - 17 arrows
Armour
 k - a +0 cloak (melded)
 p - a +2 pair of boots (melded)
 r - a +0 pair of gloves (melded)
 s - a +0 robe of cold resistance (melded)
Jewellery
 l - a ring of see invisible (left front leg)
 m - a +3 ring of protection (right front leg)
 o - an uncursed ring of protection from cold
Scrolls
 e - 7 scrolls of remove curse
 h - 3 scrolls of teleportation
 j - a scroll of blinking
 t - a scroll of random uselessness {unknown}
 w - 3 scrolls of identify
 x - a scroll of magic mapping
 y - a scroll of enchant armour
Potions
 f - 2 potions of flight
 g - 8 potions of curing
 i - a potion of agility
 q - a potion of magic {unknown}
 u - 2 potions of brilliance
 A - a potion of haste
Books
 c - a book of Changes

   Spells                             Type                      Level
   a - Beastly Appendage              Transmutation                1
   b - Sticks to Snakes               Transmutation                2
   c - Spider Form                    Transmutation/Poison         3
   d - Ice Form                       Ice/Transmutation            4
   e - Blade Hands                    Transmutation                5
Comestibles
 d - 13 rations


   Skills:
 + Level 6.2 Fighting
 + Level 8.8 Dodging
 * Level 9.6 Unarmed Combat
 - Level 2.0 Spellcasting
 - Level 6.1 Transmutations


You had 4 spell levels left.
You knew the following spells:

 Your Spells              Type           Power        Failure   Level  Hunger
q - Spider Form           Tmut/Pois      ##........   38%         3    ###....
w - Blade Hands           Tmut           ###.......   67%         5    ######.


Dungeon Overview and Level Annotations

Branches:
Dungeon (7/15)
 Temple: D:4-7

Altars:
Gozag
Kikubaaqudgha
Makhleb
Ru
Trog
Vehumet
Wu Jian
Xom
Yredelemnul

Shops:
D:4 [=!

Annotations:
D:7 Mesmodan's ghost, novice GnWn


Message History

Confirm with . or Enter, or press ? or * to list all spells.
You turn into a venomous arachnid creature.
Your +0 cloak melds into your body.
Your +0 pair of gloves melds into your body.
Your +2 pair of boots melds into your body.
Your +0 robe of cold resistance melds into your body.
You feel less resistant to cold.
* * * LOW HITPOINT WARNING * * *
You feel sick. Mesmodan's ghost hits you.
* * * LOW HITPOINT WARNING * * *
You are more poisoned.
You closely miss Mesmodan's ghost.
Mesmodan's ghost is severely damaged.
* * * LOW HITPOINT WARNING * * *
You feel very sick.
You closely miss Mesmodan's ghost.
Mesmodan's ghost is severely damaged.
* * * LOW HITPOINT WARNING * * *
You feel sick. Mesmodan's ghost hits you!
You die...

#.# #.# #.#
#.# #.# #.#
#########.###
#...........#
#s#######..##
#W# #..# #.#
#..# #.# #..#
#.# #).# #.#
#..# #.# #..#
#.#.#####..#
#. ........#


You could see Mesmodan's ghost.

Vanquished Creatures
  The ghost of Brecoman the Skirmisher, an amateur DrTm of Qazlal (D:5)
  The ghost of Brecoman the Skirmisher, an amateur DrWn (D:6)
  Sigmund (D:2)
  3 ice beasts
  2 black bears (D:6)
  2 phantoms (D:6)
  An ogre (D:6)
  A centaur (D:5)
  2 big kobolds (Sewer)
  Blork the orc (D:4)
  A bullfrog (D:6)
  2 wyvern skeletons (D:6)
  A scorpion (D:4)
  A centaur zombie (D:6)
  A crimson imp (D:5)
  6 orc wizards
  2 orc priests
  2 hounds
  4 jellies
  Robin (D:2)
  6 gnolls
  A howler monkey skeleton (D:4)
  8 adders
  2 shadow imps (D:5)
  An ooze (D:4)
  An adder zombie (D:6)
  An adder skeleton (D:4)
  2 worms
  3 leopard geckos
  14 orcs
  6 bats
  2 giant cockroaches
  12 goblins (D:2)
  4 hobgoblins (D:3)
  15 jackals
  14 kobolds
  4 quokkas
  3 ball pythons
  5 frilled lizards
  A giant cockroach zombie (D:5)
  2 quokka skeletons
  9 rats
152 creatures vanquished.

Notes
Turn   | Place    | Note
-------+----------+-------------------------------------------
     0 | D:1      | Kisielow the Merfolk Transmuter began the quest for the Orb.
     0 | D:1      | Reached XP level 1. HP: 15/15 MP: 3/3
   121 | D:1      | Reached XP level 2. HP: 15/21 MP: 5/5
   781 | D:2      | Reached skill level 4 in Unarmed Combat
   932 | D:2      | Reached XP level 3. HP: 12/26 MP: 6/6
  1233 | D:2      | Found an ancient bone altar of Kikubaaqudgha.
  1336 | D:2      | Noticed Robin
  1338 | D:2      | Noticed Sigmund
  1344 | D:3      | Learned a level 3 spell: Spider Form
  1640 | D:3      | Reached skill level 5 in Unarmed Combat
  1640 | D:3      | Reached XP level 4. HP: 29/32 MP: 5/7
  1796 | D:3      | Reached XP level 5. HP: 13/37 MP: 3/8
  1798 | D:3      | Reached skill level 5 in Transmutations
  2164 | D:3      | You fall through a shaft for 2 floors!
  2164 | D:5      | Entered Level 5 of the Dungeon
  2315 | D:5      | Noticed an ice beast
  2324 | D:5      | Killed an ice beast
  2324 | D:5      | Reached XP level 6. HP: 44/44 MP: 5/9
  2367 | D:5      | Noticed an ice beast
  2380 | D:5      | Killed an ice beast
  2417 | D:5      | Reached XP level 7. HP: 49/51 MP: 10/10
  2503 | D:5      | Reached skill level 5 in Dodging
  2510 | D:4      | Found a glowing drain.
  2568 | Sewer    | Entered a sewer
  2670 | Sewer    | Reached skill level 6 in Unarmed Combat
  3067 | Sewer    | Learned a level 5 spell: Blade Hands
  3127 | D:4      | Noticed Blork the orc
  3136 | D:4      | Killed Blork the orc
  3640 | D:2      | Reached XP level 8. HP: 60/60 MP: 7/11
  3676 | D:2      | Killed Robin
  3705 | D:2      | Killed Sigmund
  3812 | D:2      | Found a burning altar of Makhleb.
  3820 | D:2      | Found an opulent altar of Gozag.
  3832 | D:2      | Became a worshipper of Makhleb the Destroyer
  3842 | D:2      | Found an ornate altar of the Wu Jian Council.
  4126 | D:4      | Found a shimmering altar of Xom.
  4127 | D:4      | Found a shimmering altar of Xom.
  4127 | D:4      | Found a shimmering altar of Xom.
  4129 | D:4      | Found a shimmering altar of Xom.
  4139 | D:4      | Reached skill level 7 in Unarmed Combat
  4180 | D:4      | Found Hurruro's Distillery.
  4252 | D:4      | Found Nuopuidd's Armour Shoppe.
  4447 | D:4      | Found Veacvuh's Jewellery Shop.
  4709 | D:5      | Found a sacrificial altar of Ru.
  4873 | D:5      | Noticed Brecoman's ghost (amateur DrTm)
  4905 | D:5      | Killed Brecoman's ghost
  5108 | D:5      | Reached skill level 5 in Fighting
  5108 | D:5      | Reached skill level 8 in Unarmed Combat
  5367 | D:6      | Reached * piety under Makhleb
  5412 | D:6      | Found a bloodstained altar of Trog.
  5417 | D:6      | Reached XP level 9. HP: 58/68 MP: 8/12
  5630 | D:6      | Reached skill level 9 in Unarmed Combat
  5940 | D:6      | Noticed Brecoman's ghost (amateur DrWn)
  5960 | D:6      | Killed Brecoman's ghost
  6019 | D:6      | Found a radiant altar of Vehumet.
  6146 | D:6      | Found a basalt altar of Yredelemnul.
  6393 | D:7      | Noticed Mesmodan's ghost (novice GnWn)
  6418 | D:7      | HP: 2/69 [Mesmodan's ghost (3)]
  6422 | D:7      | Mangled by Mesmodan's ghost

Skill      XL: |  1  2  3  4  5  6  7  8  9 |
---------------+----------------------------+-----
Unarmed Combat | 4 5 6 8 9 |  9.6
Transmutations | 3 4 6 |  6.1
Dodging        | 3 4 6 7 8 |  8.8
Fighting       | 2 3 5 6 |  6.2
Spellcasting   | |  2.0

Action                   |  1- 3 |  4- 6 |  7- 9 || total
-------------------------+-------+-------+-------++-------
Melee: Unarmed           |   103 |   111 |   375 ||   589
       Headbutt          |     5 |       |       ||     5
       Punch             |     2 |     1 |     7 ||    10
       Tailslap          |     1 |       |     1 ||     2
 Cast: Beastly Appendage |     8 |       |       ||     8
       Spider Form       |       |     7 |    31 ||    38
  Use: Scroll            |     8 |       |     5 ||    13
       Potion            |       |     1 |     6 ||     7
 Stab: Sleeping          |     1 |       |     1 ||     2
       Distracted        |       |     1 |       ||     1
  Eat: Chunk             |     2 |     4 |    17 ||    23
Armor: Robe              |    30 |    10 |    32 ||    72
       Skin              |       |     6 |    31 ||    37
Dodge: Dodged            |    60 |    82 |   396 ||   538
